Cogmind - Beta 13 @@@ ROGUE MODE // 2024.04.17 @ 14:42:56 Player: yantz Result: Destroyed by as-50593 with Assembled Heavy Rifle Performance ------------- Evolutions (1) 500 Regions Visited (3) 600 Robots Destroyed (29) 145 Value Destroyed (801) 801 Prototype IDs (2) 40 Alien Tech Used (0) 0 Bonus (0) 0 TOTAL SCORE: 2086 Bonus ------- None Cogmind --------- Core Integrity 0/400 Matter 152/300 Energy 100/100 System Corruption 0% Temperature Cool (32) Movement Core (150) Ox2 Location -9/Mines Parts ------- > --- POWER (1) -------- (None) > --- PROPULSION (2) --- (None) > --- UTILITY (3) ------ Signal Interpreter > --- WEAPON (3) ------- Flak Cannon Hammer > --- INVENTORY (5) ---- Kinecellerator Weapon Shielding Advanced Beam Cannon Mining Laser Peak State ------------ > --- POWER ------------ Ion Engine > --- PROPULSION ------- Carbon-fiber Leg Carbon-fiber Leg > --- UTILITY ---------- Heat Sink Signal Interpreter Hardened Medium Armor Plating > --- WEAPON ----------- Advanced Beam Cannon Flak Cannon Gauss Cannon > --- INVENTORY -------- Weapon Shielding Mining Laser Hammer [Rating: 22] Favorites ----------- Power Ion Engine Engine Ion Engine Propulsion Aluminum Leg Leg Aluminum Leg Flight Unit VTOL Module Utility Signal Interpreter Device Sensor Array Storage Small Storage Unit Processor Signal Interpreter Protection Hardened Medium Armor Plating Weapon Light Assault Rifle Energy Gun Small Laser Energy Cannon Advanced Beam Cannon Ballistic Gun Light Assault Rifle Ballistic Cannon Flak Cannon Launcher Grenade Launcher Special Weapon Mining Laser Impact Weapon Hammer Build | -11 -10 -9 -9 ------- Run | Yrd Mat Mat Min Slots Evolved 2 | . . 2 . Power . | . . . . Propulsion . | . . . . Utility 1 | . . 1 . Weapon 1 | . . 1 . Parts Attached 45 | 6 15 18 6 Power 5 | 1 2 2 . Engine 5 | 1 2 2 . Core . | . . . . Reactor . | . . . . Propulsion 14 | 2 5 7 . Treads . | . . . . Leg 10 | 2 5 3 . Wheel . | . . . . Hover . | . . . . Flight 4 | . . 4 . Utility 8 | 1 3 3 1 Device 3 | . 1 1 1 Storage 2 | 1 . 1 . Processor 1 | . 1 . . Hackware . | . . . . Protection 2 | . 1 1 . Artifact . | . . . . Weapon 18 | 2 5 6 5 Energy Gun 2 | . 2 . . Energy Cannon 1 | . . 1 . Ballistic Gun 6 | 2 3 1 . Ballistic Cannon 4 | . . 2 2 Launcher 1 | . . 1 . Special Weapon 1 | . . . 1 Impact Weapon 3 | . . 1 2 Slashing Weapon . | . . . . Piercing Weapon . | . . . . Special Melee Weapon . | . . . . Unidentified Prototypes 2 | . . 2 . Parts Lost 23 | . 8 9 6 Power 4 | . 2 1 1 Propulsion 6 | . 1 3 2 Utility 5 | . 1 2 2 Weapon 8 | . 4 3 1 Highest Loss Streak 7 | . 4 7 6 To Critical Strikes . | . . . . Average Slot Usage (%) 87 | . 91 78 87 Engine 11 | . 12 9 10 Leg 23 | . 27 12 21 Flight 1 | . . 5 . Device 5 | . 7 2 2 Storage 3 | . 1 9 . Processor 12 | . 12 11 11 Protection 4 | . 1 6 10 Energy Gun 5 | . 7 3 . Energy Cannon 1 | . . 2 8 Ballistic Gun 12 | . 18 3 . Ballistic Cannon 4 | . . 11 15 Naked Turns . | . . . . Heaviest Build 34 | 13 13 34 29 Greatest Support 30 | 20 20 30 30 Greatest Overweight (x) 3 | . . 3 . Average Overweight (x) . | . . . . Largest Inventory Capacity 8 | 8 8 8 5 Average Capacity 5 | 6 5 7 5 Most Carried 5 | 5 5 5 5 Average Carried 3 | 1 3 2 3 Final Capacity 8 | 8 5 5 5 Final Carried 5 | . 5 3 4 Class Distribution -------------------- 44% | Mutant 41% | Scavenger-Mutant 13% | Tank Dominant Class ---------------- Scavenger-Mutant | -10/Materials Mutant | -9/Materials Tank | -9/Mines Resources | -11 -10 -9 -9 ----------- Run | Yrd Mat Mat Min Matter Collected 884 | 260 321 205 98 Remotely . | . . . . Salvage Created 816 | . 505 161 150 Parts 55 | . 33 13 9 Haulers Intercepted . | . . . . Recyclers Shooed . | . . . . Parts Field Recycled . | . . . . Retrieved Matter . | . . . . Parts Self-Destructed . | . . . . Prevented . | . . . . Kills | -11 -10 -9 -9 ------- Run | Yrd Mat Mat Min Combat Hostiles Destroyed 26 | . 14 7 5 Guns 15 | . 14 1 . Cannons 10 | . . 6 4 Classes Destroyed 7 | . 4 1 2 Worker 1 | . 1 . . Watcher 3 | . 3 . . Swarmer 9 | . 6 3 . Grunt 10 | . 8 2 . Sentry 4 | . . 2 2 Demolisher 2 | . . . 2 Assembled 1 | . . . 1 Best Kill Streak 6 | . 6 5 2 Combat Bots Only 6 | . 6 5 2 Max Kills in Single Turn 2 | . 2 1 1 Gunslinging . | . . . . Exploded . | . . . . Melee . | . . . . Uniques/NPCs Destroyed . | . . . . Combat | -11 -10 -9 -9 -------- Run | Yrd Mat Mat Min Hostile Shots Fired 241 | . 126 76 39 Missed 46 | . 22 18 6 Damage Taken 2874 | . 1018 873 983 Core 605 | . 203 305 97 Absorbed by Shields . | . . . . Core Remaining (%) 59 | 100 18 . . Volleys Fired 119 | . 75 27 17 Largest 3 | . 2 3 2 Hottest 112 | . 85 90 112 Shots Fired 192 | . 124 39 29 Gun 146 | . 124 22 . Cannon 45 | . . 16 29 Launcher 1 | . . 1 . Special . | . . . . Kinetic 158 | . 107 25 26 Thermal 33 | . 17 13 3 Explosive 1 | . . 1 . Electromagnetic . | . . . . Robot Hit Streak 12 | . 12 12 7 Robot Miss Streak 9 | . 5 4 9 Penetration Max 1 | . . . 1 Secondary Targets 3 | . 3 . . Max Gunslinging Chain 1 | . 1 . . Shots Hit Robots 114 | . 71 26 17 Core Hits 64 | . 29 20 15 Critical Kills 1 | . . . 1 Critical Parts Destroyed 1 | . . 1 . Critical Strikes 4 | . . 1 3 Meltdown 1 | . . . 1 Destroy 1 | . . 1 . Blast 2 | . . . 2 Melee Attacks . | . . . . Impact . | . . . . Slashing . | . . . . Piercing . | . . . . Sneak Attacks . | . . . . Combat Hostiles . | . . . . Follow-up Attacks . | . . . . Damage Inflicted 1674 | . 813 428 433 Guns 972 | . 812 160 . Cannons 679 | . . 246 433 Explosions 22 | . . 22 . Melee . | . . . . Ramming 1 | . 1 . . Kinetic 1360 | . 682 286 392 Thermal 291 | . 130 120 41 Explosive 22 | . . 22 . Electromagnetic . | . . . . Impact . | . . . . Slashing . | . . . . Piercing . | . . . . Highest Corruption . | . . . . Average Corruption . | . . . . Corruption Purged . | . . . . Corruption Blocked . | . . . . Overload Shots . | . . . . Overflow Damage . | . . . . Projectiles . | . . . . Explosions . | . . . . Melee . | . . . . Knockbacks 17 | . . 5 12 Impact . | . . . . Kinetic 14 | . . 5 9 Secondary 3 | . . . 3 Self-Inflicted Damage . | . . . . Shots . | . . . . Rammed . | . . . . Targets Rammed 2 | . 1 . 1 Kicked 2 | . 1 . 1 Crushed . | . . . . Highest Temperature 298 | . 298 130 189 Average Temperature 69 | . 115 34 48 Received Heat Transfer 695 | . 309 312 74 Siege Activations . | . . . . Robots Corrupted . | . . . . Combat Hostiles . | . . . . Parts Fried . | . . . . Impact Corruptions . | . . . . Robots Melted 1 | . . . 1 Combat Hostiles 1 | . . . 1 Parts Melted 1 | . . . 1 Heat Transferred 645 | . 309 262 74 Parts Sabotaged . | . . . . Parts Stolen . | . . . . Parts Stripped . | . . . . Power Chain Reactions . | . . . . Alert | -11 -10 -9 -9 ------- Run | Yrd Mat Mat Min Peak Influence 221 | . 221 185 132 Initial 67 | . . 10 67 Average 84 | . 79 91 112 Maximum Alert Level 1 | . 1 . . Low Security (%) 97 | 100 95 100 100 Level 1 2 | . 4 . . Level 2 . | . . . . Level 3 . | . . . . Level 4 . | . . . . Level 5 . | . . . . High Security . | . . . . Max Security . | . . . . Squads Dispatched 7 | . 4 2 1 Investigation 2 | . 1 . 1 Extermination . | . . . . Reinforcement 5 | . 3 2 . Assault . | . . . . Garrison . | . . . . Intercept . | . . . . Searches Triggered . | . . . . Construction Impeded . | . . . . Haulers Reinforced . | . . . . Active Scanning Responses . | . . . . Cargo Convoy Interrupts . | . . . . Stealth | -11 -10 -9 -9 --------- Run | Yrd Mat Mat Min Distress Signals 3 | . 2 1 . Communications Jammed . | . . . . Distress Signals . | . . . . Times Spotted 49 | . 21 10 18 Peak Tracking Total 7 | . 5 7 7 Tactical Retreats 3 | . 1 2 . Traps | -11 -10 -9 -9 ------- Run | Yrd Mat Mat Min Traps Triggered 1 | . 1 . . Indirectly . | . . . . Trap Hack Attempts . | . . . . Triggered . | . . . . Disarmed . | . . . . Reprogrammed . | . . . . Reused . | . . . . Traps Extracted . | . . . . Installed . | . . . . Triggered . | . . . . Machines | -11 -10 -9 -9 ---------- Run | Yrd Mat Mat Min Machines Disabled 1 | . 1 . . Max in Single Turn 1 | . 1 . . Machines Repaired . | . . . . Machines Dismantled . | . . . . Machines Sabotaged . | . . . . Overloaded Fab Kills . | . . . . Hacking | -11 -10 -9 -9 --------- Run | Yrd Mat Mat Min Machines Accessed 1 | . . . 1 Terminals . | . . . . Fabricators . | . . . . Repair Stations . | . . . . Recycling Units . | . . . . Scanalyzers . | . . . . Garrison Access . | . . . . Total Hacks 1 | . . . 1 Successful 1 | . . . 1 Failed . | . . . . Catastrophic . | . . . . Database Lockouts . | . . . . Manual . | . . . . Terminals . | . . . . Fabricators . | . . . . Repair Stations . | . . . . Recycling Units . | . . . . Scanalyzers . | . . . . Garrison Access . | . . . . Terminal Hacks 1 | . . . 1 Open Door 1 | . . . 1 Fabricator Hacks . | . . . . Repair Station Hacks . | . . . . Recycling Unit Hacks . | . . . . Scanalyzer . | . . . . Garrison Access Hacks . | . . . . Unauthorized Hacks . | . . . . Terminals . | . . . . Fabricators . | . . . . Repair Stations . | . . . . Recycling Units . | . . . . Scanalyzers . | . . . . Garrison Access . | . . . . Data Cores Recovered . | . . . . Used . | . . . . Hacking Detections . | . . . . Full Trace Events . | . . . . Feedback Events . | . . . . Feedback Blocked . | . . . . Robot Schematics Acquired . | . . . . Robots Built . | . . . . Authchips . | . . . . Time . | . . . . Total Robot Build Rating . | . . . . Part Schematics Acquired . | . . . . Parts Built . | . . . . Authchips . | . . . . Time . | . . . . Total Part Build Rating . | . . . . Parts Repaired . | . . . . Time . | . . . . Parts Recycled . | . . . . Recycled Matter . | . . . . Retrieved Matter . | . . . . Retrieved Components . | . . . . Parts Scanalyzed . | . . . . Part Schematics Acquired . | . . . . Parts Damaged . | . . . . Bothacking | -11 -10 -9 -9 ------------ Run | Yrd Mat Mat Min Used RIF Installer . | . . . . Robots Hacked . | . . . . Non-combat . | . . . . Combat . | . . . . Robot Hacks Applied . | . . . . Relay Couplers Released . | . . . . Fabnet Peak Effective % . | . . . . Robots Rewired . | . . . . Allies Hacked . | . . . . Hacks Repelled . | . . . . Allies | -11 -10 -9 -9 -------- Run | Yrd Mat Mat Min Total Allies . | . . . . Largest Group . | . . . . Highest-Rated Group . | . . . . Highest-Rated Ally . | . . . . Total Orders . | . . . . Ally Attacks . | . . . . Total Damage . | . . . . Kills . | . . . . Allies Corrupted . | . . . . Allies Melted . | . . . . Intel | -11 -10 -9 -9 ------- Run | Yrd Mat Mat Min Robot Analysis Total . | . . . . Derelict Logs Recovered 1 | . . . 1 Drone Launches . | . . . . Drone Recoveries . | . . . . Exploration | -11 -10 -9 -9 ------------- Run | Yrd Mat Mat Min Turns Passed 1749 | 42 1084 398 225 Spaces Moved 1130 | 37 716 240 137 Core 49 | 20 . 29 . Treads . | . . . . Legs 1021 | 17 716 151 137 Wheels . | . . . . Hover . | . . . . Flight 60 | . . 60 . Fastest Speed 32 | 50 120 32 120 Average Speed 119 | 82 120 124 120 Slowest Speed 275 | 120 120 275 120 Overloaded Moves . | . . . . Propulsion Burnouts . | . . . . Robots Hopped . | . . . . Cave-ins Triggered . | . . . . Exploration Rate (%) 38 | 3 91 26 32 Regions Visited 3 Branch Regions 1 Pre-discovered Areas . | . . . . Known Exits Taken 2 | . 1 1 . Unknown Exits Taken 1 | 1 . . . Scrap Searched 1 | . . . 1 Spaces Dug . | . . . . Terrain Destroyed 18 | . . 5 13 Melee . | . . . . Projectile 13 | . . . 13 AOE 5 | . . 5 . Terrain Rammed . | . . . . Walls Destroyed . | . . . . Machines Disabled . | . . . . Actions | -11 -10 -9 -9 --------- Run | Yrd Mat Mat Min Total 1345 | 48 827 302 168 Wait 2 | . 1 . 1 Move 1127 | 36 715 239 137 Hop . | . . . . Pick Up 37 | 6 15 12 4 Fast Attach 1 | . 1 . . Attach 30 | 6 9 13 2 Detach 2 | . 1 1 . Swap 15 | . 5 6 4 Drop 10 | . 4 4 2 Fire 119 | . 75 27 17 Melee . | . . . . Ram . | . . . . Kick 2 | . 1 . 1 Crush . | . . . . Escape Stasis . | . . . . Rewire . | . . . . Trap . | . . . . Miscellaneous . | . . . . Route ------- -11/Scrapyard -10/Materials (discovered 4 exits: *Mat x3 / [*Min]) -9/Materials -9/Mines History --------- Turn | Location | Event 9 | -11/Scrapyard | Discovered new exit (range 15) 43 | -11/Scrapyard | Entered Materials 306 | -10/Materials | Build established: Mutant 477 | -10/Materials | Core integrity fell below 50% 499 | -10/Materials | Lost 4 parts (1p1n2w) 515 | -10/Materials | Discovered new exit (range 5) 618 | -10/Materials | Discovered new exit (range 9) 710 | -10/Materials | Core integrity fell below 20% 738 | -10/Materials | Lost 4 parts (1p1u2w) 770 | -10/Materials | Discovered new exit (range 15) 1029 | -10/Materials | Build established: Scavenger-Mutant 1118 | -10/Materials | Discovered new exit (range 7) 1126 | -10/Materials | Identified exit to Materials 1127 | -10/Materials | Entered another Materials area 1127 | -9/Materials | Evolved 2 slots: Utility x1, Weapon x1 1245 | -9/Materials | Core integrity fell below 50% 1288 | -9/Materials | Lost 7 parts (1p2n1u3w) 1512 | -9/Materials | Discovered new exit (range 11) 1524 | -9/Materials | Identified exit to Mines 1525 | -9/Materials | Entered Mines 1539 | -9/Mines | Learned Materials terminal intel 1654 | -9/Mines | Assembled infested the area 1682 | -9/Mines | Met a Derelict shopkeep closing up shop 1740 | -9/Mines | Core integrity fell below 20% 1750 | -9/Mines | Destroyed by as-50593 with Assembled Heavy Rifle Last Messages --------------- Hrd. Medium Armor Plating destroyed. The unstable cave ceiling collapses. K-01 Serf collects debris. The unstable cave ceiling collapses. Carbon-fiber Leg destroyed. D-53 Grenadier knocked back. Slug penetrates D-53 Grenadier. D-53 Grenadier Cmb. Airjet blasted off. D-53 Grenadier destroyed. D-53 Grenadier suffers critical hit (Blast). Destroyed Shock Absorption System. D-53 Grenadier knocked back. R-06 Scavenger destroyed. Heat Sink destroyed. Ion Engine destroyed. as-50593 knocked back. Slug penetrates Earth. Gauss Cannon destroyed. Carbon-fiber Leg destroyed. D-53 Grenadier destroyed. Map ----- +----------------------------------------------------+ | ?????????????????????????????????????????????? | | ?????????????????????????????????????????????? | | ?????????????????????????????????????????????? | | ?????????????????????????????????????????????? | | ?????????????????????????????????????????????? | | ?????????????????????????????????????????????? | | ?????????????????????????????????????????????? | | ?????????????????????????????????????????????? | | ?????????????????????????????????????????????? | | ?????????????????????????????????????????????? | | ?????????????????????????????????????????????? | | ?????????????????????????????????????????????? | | ?????????????????????????????????????????????? | | ?????????????????????????????????????????????? | | ?????????????????????????????????????????????? | | ?????????????????????????????????????????????? | | ?????????????????????????????????????????????? | | ????????????????????????#######??????????????? | | ??????????????????####### ##?????????????? | | ??????????????????#""""" ###???????????? | | ??????????????????#!!!! [ ##??????????? | | ??????????????????## ##?????????? | | ????????????????#### #?????????? | | ????????????????# % #?????????? | | ????????????????# ! #?????????? | | ????????????????## @ %= ;#????????? | | ?????????????##### ###????????? | | ????????????## a a#??????????? | | ????????????# %! a ???????? | | ????????????# %g! # #####??????? | | ????????????## % =%] # # ;#?????????? | | ?????????????## g g==% #####; ##?????????? | | ??????????????## #; ##????# #?????????? | | ??????????????#; k##;####?????? ?????????? | | ?????????????## %###??????????? #????????? | | ?????????????# " ##???????????? ????????? | | ?????####???## ##??????????? =%????????? | | ????## ##??# #??????????????????????? | | ????# #??# #??????????????????????? | | ???## #??## ## ##??????????????????????? | | ???# #???##?## #???????????????????????? | | #### ##?????## #???????????????????????? | | ###??## #???????????????????????? | | ### ##?# #???????????????????????? | | ??## #?# ##???????????????????????? | | ???## ### ###????????????????????????? | | ????# ## #??????????????????????????? | | ????## ## #??????????????????????????? | | ?????###### #### #??????????????????????????? | | ??????????####??# ?????????????????????????? | +----------------------------------------------------+ Best States ------------- Heat Dissipation 38 Energy Generation 10 Energy Capacity 250 Matter Stores 300 Matter Capacity 300 Sight Range 16 Robot Scan Range 14 Terrain Scan Density 10 ECM Strength 1 Armor Coverage 225 Weapon Shielding 33 Evasion (%) 63 Item Schematics ----------------- None Robot Schematics ------------------ None Fabricated ------------ Nothing Alien Tech Used ----------------- None Achievements -------------- More Dakka Please Challenges ------------ None Game ------ Seed ChargeMiningRecalibrator Manual? 0 Play Time 00:22:29 Cumulative 7.3 hours Start 2024.04.17 @ 14:21:03 End 2024.04.17 @ 14:42:56 Sessions 1 Manual Loads 0 Difficulty Rogue Special Mode None Game No. 10 Rogue 10 Adventurer 0 Explorer 0 Win Type - Total 0 Types 0/0/0/0/0/0/0/0/0 Lore% 3 Gallery% 15 Achievement% 10 Wizard Run 0 Options --------- Layout 1 ASCII 0 Keyboard 0 Movement Mouse Keybinds 0 Fullscreen 1 Font 24/Smallcaps Map View 50x35 Zoom Use 0% Tactical HUD 0 Map Filters NONE Filters NONE Steam 1 RUN: bb7d6d93-694e-4016-a19c-419c1f033420